 Dungeon Crawl Stone Soup version 0.32-a0-22-g6ae6769602 (webtiles) character file.

Game seed: 16612725352132023611

2559 Essalna the Geomancer (level 9, 0/54 HPs)
             Began as a Gargoyle Earth Elementalist on Jan 18, 2024.
             Was a Follower of Vehumet.
             Slain by a wight
             ... wielding a +3 flail
              (5 damage)
             ... on level 6 of the Dungeon.
             The game lasted 00:12:31 (5523 turns).

Essalna the Geomancer (Gargoyle Earth Elementalist) Turns: 5523, Time: 00:12:32

Health: 0/54       AC: 10    Str: 13    XL:     9   Next: 56%
Magic:  24/24      EV: 13    Int: 19    God:    Vehumet [*.....]
Gold:   371        SH:  0    Dex: 10    Spells: 12/16 levels left

rFire   . . .        j - +3 falchion (elec)
rCold   . . .        (no shield)
rNeg    + . .        a - +0 robe
rPois   ∞            (helmet restricted)
rElec   +            y - scarf {+Inv}
rCorr   .            h - +0 pair of gloves
SInv    .            (no boots)
Will    .....        (no amulet)
Stlth   ++           f - ring of magical power
HPRegen 0.29/turn    (no ring)
MPRegen 0.19/turn

%: clarity
@: about to teleport, weak-willed
A: sickness immunity, AC +6, negative energy resistance 1, electricity
resistance, torment resistance 1, petrification resistance, horns 1, clarity,
sense surroundings 1, MP-powered wands
a: Renounce Religion, Evoke Invisibility


You were on level 6 of the Dungeon.
You worshipped Vehumet.
Vehumet was aware of your devotion.
You visited 2 branches of the dungeon, and saw 8 of its levels.

You collected 371 gold pieces.

Inventory:

Hand Weapons
 g - a +0 dagger of holy wrath
 j - a +3 falchion of electrocution (weapon)
 v - a +1 whip of pain
 x - the +1 rapier of Cogimeh {distort, SInv}
   (You found it on level 5 of the Dungeon)

   SInv:      It lets you see invisible.
Missiles
 q - 4 throwing nets
Armour
 a - a +0 robe (worn)
 h - a +0 pair of gloves (worn)
 y - a scarf of invisibility (worn)
Jewellery
 f - a ring of magical power (left hand)
 w - a ring of ice
Wands
 p - a wand of charming (13)
 s - a wand of iceblast (12)
Scrolls
 d - a scroll of enchant weapon
 e - a scroll of vulnerability
 i - a scroll of blinking {unknown}
 k - 2 scrolls of enchant armour {unknown}
 l - 5 scrolls of identify {unknown}
 n - a scroll of butterflies {unknown}
 o - a scroll of noise {unknown}
 r - 2 scrolls of teleportation
 A - a scroll of fear {unknown}
Potions
 b - 2 potions of magic
 c - 3 potions of cancellation
 m - a potion of might


   Skills:
 + Level 5.0 Fighting
 + Level 4.9 Armour
 + Level 4.2 Dodging
 - Level 2.1 Stealth
 - Level 4.0 Spellcasting
 + Level 6.8 Conjurations
 + Level 8.4 Earth Magic


You had 12 spell levels left.
You knew the following spells:

 Your Spells              Type           Power      Damage    Failure   Level
a - Sandblast             Erth           70%        2d15      1%          1
b - Stone Arrow           Conj/Erth      64%        3d11      1%          3

Your spell library contained the following spells:

 Spells                   Type           Power      Damage    Failure   Level
 Magic Dart               Conj           100%       1d8       1%          1
 Passwall                 Erth           35%        N/A       1%          3
 Sting                    Conj/Alch      64%        1d7       3%          1
 Brom's Barrelling Bould  Conj/Erth      32%        2d5       6%          4
 Apportation              Tloc           6%         N/A       14%         1
 Necrotise                Necr           12%        1d4       14%         1
 Summon Small Mammal      Summ           12%        N/A       14%         1
 Petrify                  Alch/Erth      19%        N/A       24%         4


Dungeon Overview and Level Annotations

Branches:
Dungeon (7/15)             Temple (1/1) D:6

Altars:
Ashenzari
Cheibriados
Elyvilon
Fedhas
Gozag
Makhleb
Nemelex Xobeh
Ru
Sif Muna
Uskayaw
Vehumet
Wu Jian
Yredelemnul
Zin
The Shining One


Innate Abilities, Weirdness & Mutations

You are immune to sickness and miasma.
Your stone body is resilient. (AC +6)
You are immune to poison.
You resist negative energy. (rN+)
You are resistant to electric shocks. (rElec)
You are resistant to unholy torment.
You are immune to petrification.
You have a pair of small horns on your head.
You possess an exceptional clarity of mind.
You passively map a small area around you.
You expend magic power (3 MP) to strengthen your wands.


Message History

It is a scroll of enchant weapon.
Your +2 falchion of electrocution glows red for a moment.
The gnoll hits you with a +0 flail. The wight misses you.
The wight hits you but does no damage. The wight hits you with a +3 flail.
The wight hits you with a +3 hand axe!
* * * LOW HITPOINT WARNING * * *
As you read the scroll labelled ICIDIS ZOEPHOM, it crumbles to dust.
A wave of despondency washes over your surroundings.
It was a scroll of vulnerability.
The gnoll hits you with a +0 flail.
* * * LOW HITPOINT WARNING * * *
The wight misses you. The wight hits you but does no damage.
The wight hits you with a +3 flail!
* * * LOW HITPOINT WARNING * * *
The wight hits you with a +3 hand axe.
* * * LOW HITPOINT WARNING * * *
You feel much better. The gnoll hits you with a +0 flail.
The wight hits you with a +0 mace. The wight hits you with a +0 falchion!
* * * LOW HITPOINT WARNING * * *
The wight barely misses you. The wight hits you but does no damage.
As you read the scroll labelled MEGUGGAFERGH, it crumbles to dust.
You feel strangely unstable.
It was a scroll of teleportation.
The gnoll hits you with a +0 flail.
* * * LOW HITPOINT WARNING * * *
The wight barely misses you. The wight misses you.
The wight completely misses you. The wight hits you but does no damage.
It was a potion of mutation.
You feel extremely strange. A pair of horns grows on your head!
Your thoughts seem clearer.
You feel your magical essence link to the dungeon's wands.
You feel a strange attunement to the structure of the dungeons.
The gnoll closely misses you. The wight misses you.
The wight barely misses you. The wight hits you with a +3 flail.
* * * LOW HITPOINT WARNING * * *
The wight closely misses you.
Okay, then.
Unknown command.
It was a potion of curing.
You feel better. The gnoll misses you. The wight hits you with a +0 mace.
* * * LOW HITPOINT WARNING * * *
The wight hits you but does no damage. The wight hits you with a +3 flail.
You die...

§§♣.♣♣....♣...........P....♣.♣...
♣§§♣♣..♣..♣♣.....###....P.♣♣.....
§§♣♣...♣.♣♣......'.#.......♣.....
§♣♣.♣....♣..♣....###...P..♣♣..)..
.§♣♣.♣♣...♣♣...P.........♣..♣....
.♣♣P.♣(♣..♣..........P)P♣.P♣.P...
.....♣♣♣.♣..[.P.....P....P..♣♣...
..#.#..♣♣).....zzz.P..P....♣...#.
.#####...[....#z@#.......####.###
######........#g##.......#.......
##..[..#........#........##....#.
##.)######.#..#.........###......
...>.## #...###............#....
.<..[.####..............###..##..
....#...#..###.........###..####.
######.###..#####......# ##.####.
#..#...####.......# #..##..


You could see 4 wights and a gnoll (weak-willed).

Vanquished Creatures
  Edmund (D:6)
  A water moccasin (D:6)
  A black bear (D:5)
  3 ice beasts
  3 ogres (D:5)
  A centaur (D:5)
  Blork the orc (D:6)
  2 phantoms
  A kobold brigand (D:6)
  A bullfrog (D:6)
  2 scorpions
  4 wights
  2 howler monkeys
  A gnoll bouda (D:5)
  4 orc priests
  5 hounds
  3 jellies
  2 iguanas
  4 orc wizards
  9 gnolls
  11 adders
  3 river rats
  2 white imps (D:6)
  A ribbon worm (D:5)
  25 orcs
  10 endoplasms
  6 giant cockroaches
  8 goblins
  7 hobgoblins
  4 jackals (D:4)
  5 quokkas
  6 ball pythons
  2 bats
  4 frilled lizards
  5 kobolds
  23 rats
173 creatures vanquished.

Notes
Turn   | Place    | Note
-------+----------+-------------------------------------------
     0 | D:1      | Essalna the Gargoyle Earth Elementalist began the quest for
                  | the Orb.
     0 | D:1      | Reached XP level 1. HP: 10/10 MP: 3/3
   260 | D:1      | Reached XP level 2. HP: 15/15 MP: 5/5
   584 | D:1      | Reached skill level 4 in Earth Magic
   714 | D:2      | Reached XP level 3. HP: 19/19 MP: 6/6
  1067 | D:2      | Reached XP level 4. HP: 23/24 MP: 8/8
  1268 | D:3      | Found an opulent altar of Gozag.
  1386 | D:3      | Found a blossoming altar of Fedhas.
  1775 | D:3      | Reached XP level 5. HP: 28/28 MP: 9/9
  1876 | D:3      | Found a faded altar of an unknown god.
  1963 | D:4      | Reached skill level 5 in Earth Magic
  2002 | D:4      | Learned a level 3 spell: Stone Arrow
  2043 | D:4      | Found a hide-covered altar of Uskayaw.
  2115 | D:4      | Reached XP level 6. HP: 32/32 MP: 11/11
  2198 | D:4      | Found an ornate altar of the Wu Jian Council.
  2838 | D:4      | Reached skill level 6 in Earth Magic
  2994 | D:5      | Entered Level 5 of the Dungeon
  3002 | D:5      | Reached XP level 7. HP: 20/36 MP: 13/13
  3010 | D:5      | Reached skill level 1 in Fighting
  3013 | D:5      | Reached skill level 1 in Armour
  3181 | D:5      | Found a shimmering blue altar of Sif Muna.
  3361 | D:5      | Identified the +1 rapier of Cogimeh {distort, SInv}
  3370 | D:5      | Reached skill level 5 in Conjurations
  3399 | D:5      | Reached XP level 8. HP: 37/45 MP: 14/14
  3508 | D:5      | Reached skill level 7 in Earth Magic
  3925 | D:5      | Found a broken altar of Ashenzari.
  4096 | D:6      | Found a staircase to the Ecumenical Temple.
  4100 | Temple   | Entered the Ecumenical Temple
  4119 | Temple   | Became a worshipper of Vehumet
  4390 | D:6      | Reached XP level 9. HP: 31/52 MP: 15/15
  4511 | D:6      | Noticed Blork the orc
  4532 | D:6      | Killed Blork the orc
  4705 | D:6      | Noticed Edmund
  4749 | D:5      | Reached * piety under Vehumet
  4749 | D:5      | Offered knowledge of Magic Dart by Vehumet.
  4860 | D:6      | Reached skill level 8 in Earth Magic
  5098 | D:6      | Killed Edmund
  5125 | D:6      | Reached skill level 5 in Fighting
  5522 | D:6      | Gained mutation: You have a pair of small horns on your
                  | head. [potion of mutation]
  5522 | D:6      | Gained mutation: You possess an exceptional clarity of
                  | mind. [potion of mutation]
  5522 | D:6      | Gained mutation: You expend magic power (3 MP) to
                  | strengthen your wands. [potion of mutation]
  5522 | D:6      | Gained mutation: You passively map a small area around you.
                  | [potion of mutation]
  5523 | D:6      | Slain by a wight

Illustrated notes

Levels and vault maps discovered:
D:1:      dpeg_arrival_more_subterranean_lakeside_camping, layout_rooms
D:2:      layout_rooms
D:3:      layout_rooms, lemuel_doored_altar, nicolae_overflow_crystal_walls,
          hellmonk_ecumenical_altar_inner_sanctum, st_stairs_5, minmay_rat_hole
D:4:      minmay_angry_zag, layout_loops_ring, mainiacjoe_overflow_24_doors,
          nicolae_wu_jian_wuxing_cycle
D:5:      layout_basic, hellmonk_sif_muna_bookshelves,
          nicolae_ashenzari_panopticon, serial_bayou_pond_b
D:6:      wad_woods_settlement, layout_cave_pools, uniq_edmund,
          uniq_blork_the_orc
D:7:      layout_cave_pools, lemuel_crystal_altar, enter_bailey_3,
          serial_gnoll_camp, gnoll_camp_mini_loothouse, gnoll_camp_medium_02,
          gnoll_camp_huts_basic, gnoll_camp_mini_house, gnoll_camp_mini_shop,
          corexii_item_surrounded_by_moat, nicolae_evil_shop
Temple:   hellmonk_temple_forest_ring

Skill      XL: |  1  2  3  4  5  6  7  8  9 |
---------------+----------------------------+-----
Earth Magic    | 4 5 6 7 8 |  8.4
Conjurations   | 2 3 4 5 6 |  6.8
Spellcasting   | 3 4 |  4.0
Fighting       | 2 4 5 |  5.0
Armour         | 2 3 4 |  4.9
Dodging        | 2 3 4 |  4.2
Stealth        | |  2.1

Action                     |  1- 3 |  4- 6 |  7- 9 || total
---------------------------+-------+-------+-------++-------
  Melee: Dagger            |       |     8 |       ||     8
         Falchion          |       |       |     3 ||     3
   Cast: Sandblast         |    44 |   107 |   153 ||   304
         Stone Arrow       |       |       |     8 ||     8
  Evoke: Wand              |       |       |     1 ||     1
    Use: Potion            |       |       |     7 ||     7
         Scroll            |       |       |     3 ||     3
 Armour: Robe              |     7 |    62 |   106 ||   175
  Dodge: Dodged            |     8 |    43 |    95 ||   146

Table legend: (Time is in decaauts)
 A = Elapsed time spent in this place.
 B = Non-inter-level travel time spent in this place.
 C = Inter-level travel time spent in this place.
 D = Time resting spent in this place.
 E = Time spent auto-exploring this place.
 F = Levels seen in this place.
 G = Mean time per level.
                   A        B        C        D        E       F      G
               +--------+--------+--------+--------+--------+-----+--------+
         Total |   5680 |   5464 |    216 |    108 |   4296 |   8 |  710.0 |
       Dungeon |   5522 |   5340 |    182 |      8 |   4296 |   7 |  788.9 |
        Temple |    158 |    124 |     34 |    100 |      0 |   1 |  158.0 |
               +--------+--------+--------+--------+--------+-----+--------+

Top non-repeatable levels by time:
     D:5: 1250 daAuts
     D:6: 1200 daAuts
     D:4: 1062 daAuts
     D:2: 677 daAuts
     D:1: 667 daAuts
     D:3: 658 daAuts
  Temple: 158 daAuts
     D:7: 4 daAuts
